 Dungeon Crawl Stone Soup version 0.31-a0-620-gd1cbd99268 (console) character file.

Game seed: 4683624048844901277

492 Ignak the Gusty (level 7, -2/51 HPs)
             Began as a Gnoll Air Elementalist on Aug 23, 2023.
             Was an Initiate of Sif Muna.
             Slain by a killer bee (9 damage)
             ... on level 4 of the Dungeon.
             The game lasted 00:11:26 (4107 turns).

Ignak the Gusty (Gnoll Air Elementalist)            Turns: 4107, Time: 00:11:28

Health: -2/51      AC:  2    Str:  8    XL:     7   Next: 14%
Magic:  7/15       EV: 13    Int: 16    God:    Sif Muna [......]
Gold:   170        SH:  0    Dex: 12    Spells: 4/17 levels left

rFire   . . .        v - +3 falchion
rCold   . . .        (no shield)
rNeg    . . .        d - +0 robe
rPois   .            (no helmet)
rElec   .            f - scarf {shadows}
rCorr   .            (no gloves)
SInv    .            (no boots)
Will    .....        (no amulet)
Stlth   +++          (no ring)
HPRegen 0.28/turn    (no ring)
MPRegen 0.14/turn

%: no passive effects
@: lethally poisoned (-2 -> -8), very slightly contaminated
A: fangs 1, strong nose, distributed training
a: Renounce Religion


You were on level 4 of the Dungeon.
You worshipped Sif Muna.
Sif Muna was noncommittal.
You visited 2 branches of the dungeon, and saw 5 of its levels.

You collected 170 gold pieces.

Inventory:

Hand Weapons
 k - a +3 dagger
 m - a +1 dagger of flaming
 v - a +3 falchion (weapon)
Missiles
 l - 2 poisoned darts (quivered)
Armour
 d - a +0 robe (worn)
 f - a scarf of shadows (worn)
Magical Staves
 u - a staff of air
Talismans
 o - a beast talisman
 t - a dragon-blood talisman
Scrolls
 c - 4 scrolls of vulnerability
 e - a scroll of fear {unknown}
 g - a scroll of revelation
 h - 6 scrolls of fog
 j - a scroll of identify {unknown}
 n - a scroll of immolation {unknown}
 p - a scroll of blinking {unknown}
 s - a scroll of teleportation {unknown}
Potions
 a - a potion of might {unknown}
 b - a potion of magic
 i - a potion of cancellation {unknown}
 q - a potion of curing {unknown}
 r - a potion of heal wounds {unknown}


   Skills:
 + Level 2.3 Fighting
 + Level 2.3 Short Blades
 + Level 2.3 Long Blades
 + Level 2.3 Axes
 + Level 2.3 Maces & Flails
 + Level 2.3 Polearms
 + Level 2.3 Staves
 + Level 2.3 Ranged Weapons
 + Level 2.3 Throwing
 + Level 2.3 Armour
 + Level 5.2 Dodging
 + Level 4.8 Stealth
 + Level 2.3 Shields
 + Level 2.3 Unarmed Combat
 + Level 5.5 Spellcasting
 + Level 2.9 Conjurations
 + Level 1.9 Hexes
 + Level 1.9 Summonings
 + Level 1.9 Necromancy
 + Level 1.9 Translocations
 + Level 1.9 Transmutations
 + Level 1.9 Fire Magic
 + Level 1.9 Ice Magic
 + Level 5.8 Air Magic
 + Level 1.9 Earth Magic
 + Level 1.9 Poison Magic
 + Level 2.6 Invocations
 + Level 2.3 Evocations
 + Level 2.1 Shapeshifting


You had 4 spell levels left.
You knew the following spells:

 Your Spells              Type           Power      Damage    Failure   Level
a - Shock                 Conj/Air       72%        1d7       2%          1
b - Swiftness             Air            23%        N/A       4%          3
c - Airstrike             Air            11%        2d(2-18)  13%         4
f - Stone Arrow           Conj/Erth      24%        3d8       16%         3
t - Passwall              Tmut/Erth      8%         N/A       10%         2

Your spell library contained the following spells:

 Spells                   Type           Power      Damage    Failure   Level
 Static Discharge         Conj/Air       36%        2-4/arc   3%          2
 Sandblast                Erth           20%        2d7       7%          1
 Scorch                   Fire           20%        2d5       10%         2
 Flame Wave               Conj/Fire      12%        2d6       47%         4
 Conjure Ball Lightning   Conj/Air       9%         3x3d6     98%         6
 Summon Cactus Giant      Summ           5%         N/A       100%        6
 Discord                  Hex            5%         N/A       100%        8
 Disjunction              Tloc           5%         N/A       100%        8


Dungeon Overview and Level Annotations

Branches:
Dungeon (4/15)             Temple (1/1) D:4

Altars:
Cheibriados
Dithmenos
Elyvilon
Hepliaklqana
Kikubaaqudgha
Makhleb
Nemelex Xobeh
Okawaru
Qazlal
Sif Muna
Trog
Uskayaw
Vehumet
Yredelemnul
Zin
The Shining One

Shops:
D:1 [(   D:3 (


Innate Abilities, Weirdness & Mutations

You have very sharp teeth.
Your uncanny sense of smell can sniff out nearby items.
Your experience applies equally to all skills.


Message History

The killer bee is lightly wounded.
You feel sick. The killer bee misses you. The killer bee stings you!
* * * LOW HITPOINT WARNING * * *
You are more poisoned.
The killer bee poisons you!
Casting: Shock (safe; 2% risk of failure)
Confirm with . or Enter, or press ? or * to list all spells.
Aiming: Shock (safe; 2% risk of failure)
Press: ? - help, Shift-Dir - straight line, f/p - killer bee
Aim: a killer bee (lightly wounded, 43% to hit)
The zap misses the killer bee.
The zap hits the killer bee.
The killer bee is severely wounded.
The zap hits the killer bee.
The killer bee is severely wounded.
The zap hits the killer bee.
The killer bee is almost dead.
The zap hits the killer bee.
The killer bee is moderately wounded.
* * * LOW HITPOINT WARNING * * *
You feel very sick. The killer bee stings you.
* * * LOW HITPOINT WARNING * * *
The killer bee closely misses you.
Okay, then.
Press: ? - help, v - describe, . - travel
Here: a killer bee (moderately wounded)
The floor.
Okay, then.
Press: ? - help, v - describe, . - travel
Here: a killer bee (lightly wounded)
The floor.
Casting: Shock (safe; 2% risk of failure)
Confirm with . or Enter, or press ? or * to list all spells.
Aiming: Shock (safe; 2% risk of failure)
Press: ? - help, Shift-Dir - straight line, f/p - killer bee
Aim: a killer bee (lightly wounded, 43% to hit)
You miscast Shock.
Nothing appears to happen.
* * * LOW HITPOINT WARNING * * *
You feel sick. The killer bee closely misses you. The killer bee stings you!
You die...

.##+#.# #.#
#.#.#######.#
...z..# #.#
#.#.>.......#
.##'#.#.. ... .
###########
.#..#.#.### #y#
.#..#.#...# #y#
.####.#...#### #y#
....).#......# #y#
#######...##.# #y#
#........##.# #@#
#.#####.###.# #.#
#....##.###.###.#
####.##.##.)..[.#
#####.##.##......#
......##.##..)...#
########.###.###.#
#.# #.# #.#
#.###.# #.# ∆


You could see 5 killer bees.

Vanquished Creatures
  A phantom (D:4)
  4 wights (D:4)
  A gnoll bouda (D:4)
  An orc wizard (D:3)
  6 gnolls
  2 adder zombies (D:2)
  2 worms (D:3)
  3 dart slugs
  5 orcs
  7 ball pythons
  12 endoplasms
  2 giant cockroaches
  9 goblins
  7 hobgoblins
  A jackal (D:4)
  A quokka (D:1)
  A ball python zombie (D:2)
  A bat (D:1)
  4 frilled lizards
  A giant cockroach zombie (D:2)
  8 kobolds
  3 rats
82 creatures vanquished.

Notes
Turn   | Place    | Note
-------+----------+-------------------------------------------
     0 | D:1      | Ignak the Gnoll Air Elementalist began the quest for the
                  | Orb.
     0 | D:1      | Reached XP level 1. HP: 13/13 MP: 6/6
    72 | D:1      | Found Xomahery's Weapon Boutique.
   195 | D:1      | Reached XP level 2. HP: 19/19 MP: 4/7
   758 | D:1      | Reached skill level 5 in Spellcasting
   758 | D:1      | Reached XP level 3. HP: 25/25 MP: 4/9
   762 | D:1      | Learned a level 3 spell: Swiftness
   916 | D:1      | Found Kiski's Antique Armour Emporium.
   918 | D:1      | Reached skill level 1 in Invocations
  1284 | D:1      | Reached skill level 1 in Fighting
  1284 | D:1      | Reached skill level 1 in Short Blades
  1284 | D:1      | Reached skill level 1 in Long Blades
  1284 | D:1      | Reached skill level 1 in Axes
  1284 | D:1      | Reached skill level 1 in Maces & Flails
  1284 | D:1      | Reached skill level 1 in Polearms
  1284 | D:1      | Reached skill level 1 in Staves
  1284 | D:1      | Reached skill level 1 in Ranged Weapons
  1284 | D:1      | Reached skill level 1 in Throwing
  1284 | D:1      | Reached skill level 1 in Armour
  1284 | D:1      | Reached skill level 1 in Shields
  1284 | D:1      | Reached skill level 1 in Unarmed Combat
  1284 | D:1      | Reached skill level 1 in Evocations
  1303 | D:1      | Reached skill level 1 in Shapeshifting
  1303 | D:1      | Reached XP level 4. HP: 15/32 MP: 4/11
  1390 | D:2      | Learned a level 4 spell: Airstrike
  1530 | D:2      | Learned a level 3 spell: Stone Arrow
  1533 | D:2      | Learned a level 2 spell: Passwall
  1586 | D:2      | Reached skill level 1 in Hexes
  1586 | D:2      | Reached skill level 1 in Summonings
  1586 | D:2      | Reached skill level 1 in Necromancy
  1586 | D:2      | Reached skill level 1 in Translocations
  1586 | D:2      | Reached skill level 1 in Transmutations
  1586 | D:2      | Reached skill level 1 in Fire Magic
  1586 | D:2      | Reached skill level 1 in Ice Magic
  1586 | D:2      | Reached skill level 1 in Earth Magic
  1586 | D:2      | Reached skill level 1 in Poison Magic
  1961 | D:3      | Found Onesimal's Weapon Shoppe.
  2136 | D:3      | Reached XP level 5. HP: 29/37 MP: 5/12
  3229 | D:4      | Found a staircase to the Ecumenical Temple.
  3237 | Temple   | Entered the Ecumenical Temple
  3273 | Temple   | Became a worshipper of Sif Muna the Loreminder
  3696 | D:4      | Reached XP level 6. HP: 41/44 MP: 7/14
  3705 | D:4      | Reached skill level 5 in Dodging
  3989 | D:4      | Reached XP level 7. HP: 33/51 MP: 3/15
  4107 | D:4      | Slain by a killer bee

Illustrated notes

Levels and vault maps discovered:
D:1:      minmay_arrival_solitary_statue, layout_basic, serial_shops, shop,
          nicolae_shop_tiny_glass, grunt_decor_cap, nrook_campfire
D:2:      layout_basic, serial_undead, serial_undead_e, serial_undead_c,
          serial_undead_c, serial_undead_b
D:3:      wad_pebble_path, layout_loops_corners, serial_shops,
          nicolae_shop_bloodbath_and_beyond
D:4:      minmay_door_path, layout_basic, mainiacjoe_overflow_alcove_2,
          fedhas_altar_1, minmay_temple_entry_nine_rooms, serial_shops, shop
Temple:   kb_temple_of_zot

Skill      XL: |  1  2  3  4  5  6 |
---------------+-------------------+-----
Conjurations   | 2 |  2.9
Spellcasting   | 5 |  5.5
Invocations    | 1 2 |  2.6
Fighting       | 1 2 |  2.3
Short Blades   | 1 2 |  2.3
Long Blades    | 1 2 |  2.3
Axes           | 1 2 |  2.3
Maces & Flails | 1 2 |  2.3
Polearms       | 1 2 |  2.3
Staves         | 1 2 |  2.3
Ranged Weapons | 1 2 |  2.3
Throwing       | 1 2 |  2.3
Armour         | 1 2 |  2.3
Shields        | 1 2 |  2.3
Unarmed Combat | 1 2 |  2.3
Evocations     | 1 2 |  2.3
Shapeshifting  | 1 2 |  2.1
Hexes          | 1 |  1.9
Summonings     | 1 |  1.9
Necromancy     | 1 |  1.9
Translocations | 1 |  1.9
Transmutations | 1 |  1.9
Fire Magic     | 1 |  1.9
Ice Magic      | 1 |  1.9
Earth Magic    | 1 |  1.9
Poison Magic   | 1 |  1.9
Dodging        | 5 |  5.2
Stealth        | |  4.8
Air Magic      | |  5.8

Action                     |  1- 3 |  4- 6 |  7- 9 || total
---------------------------+-------+-------+-------++-------
  Melee: Unarmed           |     8 |       |       ||     8
         Dagger            |     8 |    51 |       ||    59
         Bite              |     3 |     8 |       ||    11
         Short sword       |    13 |       |       ||    13
         Punch             |       |     3 |       ||     3
         Staff             |       |    15 |       ||    15
         Falchion          |       |     9 |     1 ||    10
   Cast: Shock             |    52 |    42 |     7 ||   101
         Stone Arrow       |       |    11 |       ||    11
         Swiftness         |       |     1 |       ||     1
         Passwall          |       |     1 |       ||     1
    Use: Scroll            |       |     3 |       ||     3
   Stab: Sleeping          |     4 |     7 |     1 ||    12
 Armour: Robe              |    12 |     7 |     1 ||    20
  Dodge: Dodged            |    30 |    53 |     5 ||    88

Table legend: (Time is in decaauts)
 A = Elapsed time spent in this place.
 B = Non-inter-level travel time spent in this place.
 C = Inter-level travel time spent in this place.
 D = Time resting spent in this place.
 E = Time spent auto-exploring this place.
 F = Levels seen in this place.
 G = Mean time per level.
                   A        B        C        D        E       F      G
               +--------+--------+--------+--------+--------+-----+--------+
         Total |   4106 |   4042 |     64 |    360 |   2322 |   5 |  821.2 |
       Dungeon |   4047 |   4005 |     42 |    360 |   2322 |   4 | 1011.8 |
        Temple |     58 |     36 |     22 |      0 |      0 |   1 |   58.0 |
               +--------+--------+--------+--------+--------+-----+--------+

Top non-repeatable levels by time:
     D:4: 1164 daAuts
     D:1: 1108 daAuts
     D:3: 1055 daAuts
     D:2: 719 daAuts
  Temple: 58 daAuts
